Map: Ultralove

Players

pump

  • Race: Terran Terran
  • League: Diamond
  • Spawn Location: 1:00

A.I. 1 (Very Easy) - Winner!

  • Race: Terran Terran
  • Spawn Location: 7:00

VOD

Have the link to the VOD?

Description

Time

  • Played on: March 30, 2025, 2:06 a.m.
  • Length: 10:36
Show
View Real Time Build Order
Export as new Build Order

pump Terran 

Build Orders: 1/1/1, Cyclone Opening 

Get SALT Encoding   

  6  0:00  SCV  
  13  0:12  SCV  
  14  0:16  Supply Depot  
  14  0:24  SCV  
  14  0:28  Refinery  
  15  0:38  SCV  
  16  0:44  Barracks  
  16  0:50  SCV  
  16  0:54  Refinery  
  17  1:02  SCV  
  18  1:14  SCV  
  19  1:31  Reaper, Orbital Command  
  20  1:34  Factory  
  20  1:43  Supply Depot  
  20  1:57  SCV  
  21  2:03  Reaper  
  22  2:09  SCV  
  23  2:17  Hellion  
  23  2:18  Starport  
  23  2:21  SCV  
  26  2:28  Supply Depot  
  26  2:33  SCV  
  26  2:36  Barracks Tech Lab  
  27  2:38  Factory Tech Lab  
  28  2:58  Cyclone  
  30  3:03  Banshee  
  30  3:05  Cloaking Field  
  33  3:17  Command Center  
  33  3:19  SCV  
  34  3:21  Barracks Reactor  
  34  3:26  Supply Depot  
  34  3:31  SCV  
  35  3:39  Siege Tank  
  38  3:43  SCV  
  39  3:55  Supply Depot  
  39  3:56  Banshee  
  39  3:59  SCV  
  39  4:00  Marine x2  
  45  4:12  SCV  
  46  4:19  Siege Tank  
  46  4:24  Marine, SCV  
  50  4:25  Marine  
  50  4:28  Orbital Command  
  52  4:36  SCV  
  53  4:44  Marine x2  
  55  4:49  SCV  
  56  4:53  SCV  
  56  4:55  Siege Tank  
  56  4:59  Supply Depot  
  60  5:01  SCV  
  60  5:05  Command Center  
  61  5:07  SCV  
  61  5:13  SCV  
  63  5:20  SCV  
  64  5:22  Supply Depot  
  64  5:25  Stimpack, SCV  
  64  5:27  Siege Tank  
  68  5:29  Barracks  
  68  5:32  SCV  
  68  5:34  Starport Reactor  
  69  5:38  Barracks, SCV  
  69  5:39  Marine  
  71  5:44  SCV  
  71  5:45  Supply Depot  
  71  5:49  Refinery  
  72  5:50  Refinery  
  72  5:51  SCV  
  72  5:56  SCV  
  74  6:02  Engineering Bay x2  
  74  6:03  Marine, SCV  
  76  6:06  Siege Tank  
  76  6:08  SCV  
  80  6:15  SCV  
  80  6:17  Marine  
  82  6:19  Orbital Command  
  82  6:20  SCV  
  83  6:26  Marine  
  83  6:27  Marine  
  83  6:28  SCV  
  83  6:30  Terran Infantry Weapons Level 1, Terran Infantry Armor Level 1  
  86  6:35  Starport Reactor  
  86  6:37  Marine x3  
  89  6:40  Siege Tank  
  89  6:41  SCV  
  89  6:42  Orbital Command, SCV  
  89  6:44  Marine  
  95  6:49  Marine  
  95  6:53  SCV  
  97  6:55  Marine  
  97  6:56  SCV  
  97  6:58  Barracks  
  97  6:59  Barracks  
  99  7:01  Supply Depot  
  99  7:04  Supply Depot  
  99  7:05  Marine  
  99  7:06  Marine  
  101  7:09  SCV x2  
  101  7:11  Medivac  
  101  7:12  Medivac  
  107  7:17  SCV  
  107  7:22  SCV  
  109  7:23  Siege Tank, SCV  
  109  7:24  Supply Depot  
  109  7:27  Armory  
  113  7:30  Combat Shield, Refinery  
  113  7:31  Marine  
  113  7:32  Marine x2, Supply Depot  
  113  7:34  Marine  
  113  7:35  Marine  
  118  7:38  SCV  
  118  7:39  SCV x2  
  121  7:50  SCV  
  121  7:51  Medivac x2, SCV x2  
  127  7:53  Supply Depot  
  127  7:55  Siege Tank  
  127  7:56  Supply Depot  
  127  7:57  Marine x3  
  127  7:58  Marine  
  134  8:03  SCV  
  134  8:05  Barracks Reactor  
  137  8:06  Marine, Barracks Reactor  
  137  8:07  SCV x2  
  139  8:14  Supply Depot x2  
  139  8:15  Marine, Terran Vehicle Weapons Level 1  
  139  8:17  Marine, Refinery, SCV  
  139  8:18  Marine x2  
  144  8:24  Marine  
  149  8:27  Supply Depot  
  149  8:28  Supply Depot  
  149  8:33  SCV x3  
  148  8:36  Marine x4  
  152  8:42  Marine, Supply Depot  
  152  8:44  Supply Depot, Marine x3  
  152  8:45  Marine  
  152  8:47  Medivac x2  
  161  8:51  SCV x2  
  161  8:52  SCV  
  161  8:54  Marine  
  161  8:55  Siege Tank  
  168  9:00  Marine  
  168  9:01  Marine  
  168  9:02  Marine x3, Supply Depot  
  172  9:03  Marine x2  
  172  9:04  Supply Depot  
  172  9:05  Marine  
  176  9:13  Marine  
  176  9:15  Factory  
  177  9:20  Command Center  
  177  9:21  Barracks  
  177  9:25  Barracks, SCV x3  
  177  9:27  Siege Tank  
  177  9:29  Barracks, Medivac  
  185  9:31  Medivac  
  185  9:35  Marine x4  
  185  9:36  Marine  
  185  9:37  Marine x2  
  194  9:39  Marine  
  194  9:40  Marine  
  194  9:45  SCV x2  
  198  9:46  SCV  
  199  9:53  Marine  
  200  10:08  Refinery  
  200  10:09  Refinery  
  200  10:19  Barracks Reactor x2  
  200  10:20  Barracks Reactor  
  200  10:30  Command Center  
Show
View Real Time Build Order
Export as new Build Order

A.I. 1 (Very Easy) Terran - Winner!

Build Orders:  

Get SALT Encoding   

  6  0:00  SCV  
  13  0:13  SCV  
  14  0:18  Supply Depot  
  14  0:36  Refinery  
  14  0:41  Barracks  
  14  1:03  Supply Depot  
  14  1:10  Refinery  
  14  1:28  Orbital Command  
  14  1:29  Marine  
  15  1:54  SCV  
  16  2:03  Marine  
  16  2:06  SCV  
  18  2:18  SCV  
  19  2:30  SCV  
  20  2:38  Marine  
  20  2:43  SCV  
  22  2:55  SCV  
  23  4:12  SCV  
  23  5:53  Marine, SCV  
  23  5:55  Supply Depot  
  25  5:57  Factory  
  25  6:17  SCV  
  26  6:20  Supply Depot  
  26  6:26  Barracks Tech Lab  
  26  6:29  SCV  
  24  6:41  SCV  
  24  6:42  Starport  
  24  6:44  Marauder  
  27  6:53  SCV  
  28  7:04  Command Center  
  28  7:16  Marine  
  28  7:19  Starport Tech Lab  
  29  7:37  Raven  
  31  7:48  Marine  
  31  8:12  Raven  
  33  8:17  SCV  
  34  8:20  Marine  
  34  8:24  SCV  
  34  8:25  Refinery  
  36  8:27  Refinery  
  36  8:31  SCV  
  37  8:38  SCV  
  38  8:46  SCV  
  39  8:53  SCV  
  40  9:00  SCV  
  41  9:07  SCV  
  42  9:14  SCV  
  43  9:21  SCV  
  44  9:29  SCV  
  45  9:36  SCV  
  46  9:43  SCV  
  47  9:50  SCV  
  48  9:57  SCV  
  49  10:04  SCV  
Tags
 
League
Diamond
Matchup
TvT
Race
Terran
Spawn Locations
Cross Positions
Add a new tag
Caveats
  • Supply blocks, unpowered buildings, or Contaminate may cause inaccurate times.
  • Supply counts are checked every 10 seconds.